 Dungeon Crawl Stone Soup version 0.30-a0-939-gc8157cb160 (webtiles) character file.

Game seed: 2996585699255109863

2191 gruber the Zephyrmancer (level 9, -4/45 HPs)
             Began as a Tengu Air Elementalist on Mar 25, 2023.
             Was an Initiate of Vehumet.
             Killed from afar by a steam dragon (18 damage)
             ... with a ball of steam
             ... on level 7 of the Dungeon.
             The game lasted 00:11:14 (5707 turns).

gruber the Zephyrmancer (Tengu Air Elementalist)    Turns: 5707, Time: 00:11:14

Health: -4/45      AC:  2    Str:  9    XL:     9   Next: 33%
Magic:  1/17       EV: 14    Int: 20    God:    Vehumet [......]
Gold:   198        SH:  0    Dex: 14    Spells: 13/18 levels left

rFire   . . .      SeeInvis .    D - staff of air
rCold   . . .      Faith    .    (no shield)
rNeg    . . .      Spirit   .    a - +0 robe
rPois   .          Reflect  .    (helmet restricted)
rElec   +          Rampage  .    (no cloak)
rCorr   +                        (no gloves)
Will    .....                    (boots unavailable)
Stlth   ++                       (no amulet)
HPRegen 0.27/turn                f - +4 ring of slaying
MPRegen 0.15/turn                o - ring of resist corrosion

@: flying quickly and evasively, quick
A: beak, talons 3, nimble flight
a: Renounce Religion


You were on level 7 of the Dungeon.
You worshipped Vehumet.
Vehumet was noncommittal.
You visited 2 branches of the dungeon, and saw 8 of its levels.

You collected 198 gold pieces.

Inventory:

Hand Weapons
 i - a +0 trident of venom
 r - a +0 dagger of venom
Armour
 a - a +0 robe (worn)
Magical Staves
 D - a staff of air (weapon)
Jewellery
 f - a +4 ring of slaying (left hand)
 o - a ring of resist corrosion (right hand)
 z - a ring of see invisible
 E - a ring of protection from cold
Wands
 n - a wand of flame (20)
 p - a wand of digging (2)
 B - a wand of quicksilver (4)
Scrolls
 c - 2 scrolls of brand weapon {unknown}
 g - 2 scrolls of enchant armour {unknown}
 m - 5 scrolls of identify {unknown}
 q - 5 scrolls of fear {unknown}
 v - a scroll of fog {unknown}
 w - 2 scrolls of noise {unknown}
 x - a scroll of amnesia {unknown}
 y - a scroll of magic mapping {unknown}
 C - a scroll of teleportation {unknown}
Potions
 b - a potion of magic
 d - 5 potions of curing {unknown}
 e - 3 potions of flight {unknown}
 h - 3 potions of brilliance {unknown}
 j - a potion of ambrosia {unknown}
 k - 2 potions of cancellation {unknown}
 l - 5 potions of heal wounds
 s - 2 potions of might {unknown}
 t - 2 potions of haste {unknown}
 u - 2 potions of degeneration {unknown}
 A - a potion of mutation {unknown}


   Skills:
 - Level 2.1 Dodging
 - Level 2.0 Stealth
 * Level 5.0 Spellcasting
 - Level 4.0 Conjurations
 - Level 14.0 Air Magic


You had 13 spell levels left.
You knew the following spells:

 Your Spells              Type           Power      Damage    Failure   Level
a - Shock                 Conj/Air       100%       1d9       1%          1
b - Airstrike             Air            37%        2d(6-22)  1%          4

Your spell library contained the following spells:

 Spells                   Type           Power      Damage    Failure   Level
 Poisonous Vapours        Pois/Air       98%        N/A       1%          2
 Static Discharge         Conj/Air       100%       2-7/arc   1%          2
 Swiftness                Air            75%        N/A       1%          3
 Kiss of Death            Conj/Necr      52%        2d9       4%          1
 Necrotise                Necr           20%        1d5       12%         1
 Sting                    Tmut/Pois      20%        1d4       12%         1
 Summon Small Mammal      Summ           20%        N/A       12%         1
 Blink                    Tloc           10%        N/A       17%         2
 Call Canine Familiar     Summ           5%         N/A       34%         3
 Confusing Touch          Hex            5%         N/A       34%         3
 Summon Guardian Golem    Hex/Summ       5%         N/A       34%         3
 Vampiric Draining        Necr           5%         2d6       34%         3
 Dispel Undead            Necr           5%         3d7       75%         4
 Manifold Assault         Tloc           5%         N/A       75%         4
 Olgreb's Toxic Radiance  Pois           5%         N/A       75%         4
 Agony                    Necr           5%         N/A       97%         5
 Storm Form               Tmut/Air       24%        N/A       99%         7


Dungeon Overview and Level Annotations

Branches:
Dungeon (7/15)             Temple (1/1) D:6

Altars:
Ashenzari
Cheibriados
Elyvilon
Fedhas
Gozag
Hepliaklqana
Kikubaaqudgha
Makhleb
Nemelex Xobeh
Okawaru
Qazlal
Ru
Sif Muna
Uskayaw
Vehumet
Wu Jian
Xom
Yredelemnul
Zin
The Shining One


Innate Abilities, Weirdness & Mutations

You have a beak for a mouth.
You have claws for feet.
Your magical nature lets you fly swiftly and evasively.


Message History

Unknown command.
Casting: Airstrike (safe; 1% risk of failure)
Confirm with . or Enter, or press ? or * to list all spells.
Aiming: Airstrike (safe; 1% risk of failure)
Press: ? - help, Dir - move target, f/p - steam dragon
Aim: a steam dragon (moderately wounded, empty space bonus: 1/8)
You feel a surge of power!
The air twists around and strikes the steam dragon!
The steam dragon is heavily wounded.
The steam dragon bites you! The steam dragon barely misses you.
Casting: Airstrike (safe; 1% risk of failure)
Confirm with . or Enter, or press ? or * to list all spells.
Aiming: Airstrike (safe; 1% risk of failure)
Press: ? - help, Dir - move target, f/p - steam dragon
Aim: a steam dragon (heavily wounded, empty space bonus: 1/8)
You feel a surge of power!
The air twists around and strikes the steam dragon.
The steam dragon is severely wounded.
The steam dragon breathes steam at you. The ball of steam hits you!
Unknown command.
Unknown command.
Unknown command.
Casting: Airstrike (safe; 1% risk of failure)
Confirm with . or Enter, or press ? or * to list all spells.
Aiming: Airstrike (safe; 1% risk of failure)
Press: ? - help, Dir - move target, f/p - steam dragon
Aim: a steam dragon (severely wounded, catching its breath, empty space bonus: 1/8)
You feel a surge of power!
The air twists around and strikes the steam dragon.
The steam dragon is almost dead.
You are engulfed in a cloud of scalding steam.
* * * LOW HITPOINT WARNING * * *
The steam dragon closely misses you. The steam dragon barely misses you.
Unknown command.
Unknown command.
Unknown command.
The steam dragon breathes steam at you. The ball of steam hits you!!
You die...

### ..#
#.# #.#
#.# #D#
#@#
#.....§#
#..#..§#
.. #.#..
#...#
###.#
#.# ..#


You could see a steam dragon (catching breath).

Vanquished Creatures
  A two-headed ogre (D:4)
  Grinder (D:4)
  A steam dragon (D:5)
  A water moccasin (D:6)
  An ice beast (D:6)
  An orc warrior (D:6)
  A centaur (D:5)
  2 phantoms
  A bullfrog (D:5)
  Blork the orc (D:4)
  A scorpion (D:4)
  3 hounds
  A jelly (D:6)
  An orc priest (D:6)
  2 orc wizards (D:6)
  3 sleepcaps
  5 iguanas
  A gnoll (D:1)
  7 adders
  A white imp (D:5)
  2 worms
  A dart slug (D:2)
  4 orcs
  6 ball pythons
  2 bats
  7 endoplasms
  5 giant cockroaches
  2 goblins
  4 hobgoblins
  5 jackals
  9 kobolds
  3 quokkas
  3 frilled lizards
  9 rats
98 creatures vanquished.

Vanquished Creatures (others)
  7 plants (D:3)
7 creatures vanquished.

Grand Total: 105 creatures vanquished

Notes
Turn   | Place    | Note
-------+----------+-------------------------------------------
     0 | D:1      | gruber the Tengu Air Elementalist began the quest for the
                  | Orb.
     0 | D:1      | Reached XP level 1. HP: 10/10 MP: 4/4
   184 | D:1      | Reached XP level 2. HP: 15/15 MP: 3/6
   510 | D:1      | Reached XP level 3. HP: 19/19 MP: 3/7
  1015 | D:2      | Reached skill level 5 in Air Magic
  1251 | D:2      | Reached XP level 4. HP: 24/24 MP: 5/9
  2345 | D:3      | Found a faded altar of an unknown god.
  2413 | D:3      | Gained mutation: Your magical nature lets you fly swiftly
                  | and evasively. [Tengu growth]
  2413 | D:3      | Reached XP level 5. HP: 28/28 MP: 6/10
  2743 | D:4      | Learned a level 4 spell: Airstrike
  2794 | D:4      | Reached skill level 6 in Air Magic
  2805 | D:4      | Reached XP level 6. HP: 32/32 MP: 0/11
  2909 | D:4      | Reached skill level 7 in Air Magic
  2983 | D:4      | Noticed Grinder
  2989 | D:4      | Killed Grinder
  2990 | D:4      | Reached skill level 8 in Air Magic
  2990 | D:4      | Reached XP level 7. HP: 36/36 MP: 2/12
  3168 | D:4      | Found a broken altar of Ashenzari.
  3168 | D:4      | Found a hazy altar of Hepliaklqana.
  3206 | D:4      | Noticed Blork the orc
  3221 | D:4      | Killed Blork the orc
  3222 | D:4      | Reached skill level 9 in Air Magic
  3288 | D:4      | Noticed a two-headed ogre
  3389 | D:4      | Killed a two-headed ogre
  3390 | D:4      | Reached skill level 12 in Air Magic
  3390 | D:4      | Reached XP level 8. HP: 41/41 MP: 0/13
  3675 | D:4      | Found a snail-covered altar of Cheibriados.
  3747 | D:5      | Entered Level 5 of the Dungeon
  4129 | D:5      | Reached skill level 13 in Air Magic
  4733 | D:6      | Reached skill level 14 in Air Magic
  4733 | D:6      | Reached XP level 9. HP: 45/45 MP: 1/14
  5489 | D:6      | Reached skill level 5 in Spellcasting
  5647 | D:6      | Found a staircase to the Ecumenical Temple.
  5656 | Temple   | Entered the Ecumenical Temple
  5661 | Temple   | Became a worshipper of Vehumet
  5707 | D:7      | Killed from afar by a steam dragon

Illustrated notes

Levels and vault maps discovered:
D:1:      evilmike_arrival_hilbert_curve, layout_basic
D:2:      layout_rooms, serial_rivers, chequers_serial_rivers_micro_b,
          chequers_serial_rivers_micro_d, chequers_serial_rivers_micro_a,
          chequers_serial_rivers_large_b, chequers_serial_rivers_small_3,
          chequers_serial_rivers_room_a, minmay_statues_item
D:3:      layout_rooms, hellmonk_ecumenical_altar_lost_god,
          minmay_misc_feat_iff, st_stairs_5, lexackson_kobold_supper
D:4:      layout_rooms, kennysheep_mini_moat, gammafunk_temple_overflow_wave,
          minmay_crystal_water, uniq_grinder, uniq_blork_the_orc
D:5:      layout_cave_pools
D:6:      layout_rooms, minmay_temple_entry_antechambers
D:7:      layout_loops_ring, ebering_ghost_rock_garden, uniq_joseph,
          uniq_duvessa
Temple:   sentei_temple_godly_chess

Skill      XL: |  1  2  3  4  5  6  7  8  9 |
---------------+----------------------------+-----
Conjurations   | 2 3 4 |  4.0
Air Magic      | 5 6 8 12 14 | 14.0
Spellcasting   | 3 5 |  5.0
Dodging        | |  2.1
Stealth        | |  2.0

Action                     |  1- 3 |  4- 6 |  7- 9 || total
---------------------------+-------+-------+-------++-------
  Melee: Unarmed           |     4 |       |       ||     4
         Kick              |     1 |       |       ||     1
         Trident           |     3 |       |     4 ||     7
         Dagger            |       |     1 |       ||     1
   Cast: Shock             |    54 |    85 |    97 ||   236
         Airstrike         |       |     2 |    23 ||    25
 Armour: Robe              |     6 |     2 |     6 ||    14
  Dodge: Dodged            |    21 |     5 |    27 ||    53

Table legend: (Time is in decaauts)
 A = Elapsed time spent in this place.
 B = Non-inter-level travel time spent in this place.
 C = Inter-level travel time spent in this place.
 D = Time resting spent in this place.
 E = Time spent auto-exploring this place.
 F = Levels seen in this place.
 G = Mean time per level.
                   A        B        C        D        E       F      G
               +--------+--------+--------+--------+--------+-----+--------+
         Total |   5590 |   5441 |    149 |      0 |   4784 |   8 |  698.8 |
       Dungeon |   5580 |   5436 |    144 |      0 |   4784 |   7 |  797.1 |
        Temple |      9 |      4 |      5 |      0 |      0 |   1 |    9.0 |
               +--------+--------+--------+--------+--------+-----+--------+

Top non-repeatable levels by time:
     D:5: 1026 daAuts
     D:4: 989 daAuts
     D:1: 954 daAuts
     D:2: 942 daAuts
     D:6: 834 daAuts
     D:3: 827 daAuts
  Temple: 9 daAuts
     D:7: 4 daAuts
